 Dungeon Crawl Stone Soup version 0.28.0-53-g5a82cb258f (webtiles) character file.

Game seed: 1152133999446841169

84 Tiocfaidh the Magician (level 4, -7/30 (33) HPs)
             Began as a Draconian Hedge Wizard on May 21, 2022.
             Mangled by Terence
             ... wielding a +0 flail
              (10 damage)
             ... on level 3 of the Dungeon.
             The game lasted 00:12:56 (2537 turns).

Tiocfaidh the Magician (Draconian Hedge Wizard)     Turns: 2537, Time: 00:12:57

HP:   -7/30 (33)    AC:  5    Str: 13    XL:     4   Next: 24%
MP:   8/10          EV: 12    Int: 16    God:
Gold: 80            SH:  0    Dex: 10    Spells: 10/11 levels left

rFire   . . .      SeeInvis .   a - +0 dagger
rCold   . . .      Faith    .   (no shield)
rNeg    . . .      Spirit   .   (armour unavailable)
rPois   .          Reflect  .   b - +0 hat
rElec   .          Harm     .   (no cloak)
rCorr   .          Rampage  .   (no gloves)
Will    .....                   (no boots)
Stlth   ++........              (no amulet)
HPRegen 0.10/turn               (no ring)
MPRegen 0.12/turn               (no ring)

@: mighty, very slightly contaminated, drained, unable to read
A: AC +5, unfitting armour, cold-blooded, no potion heal 1, inability to read
while threatened
a: no special abilities


You were on level 3 of the Dungeon.
You visited 1 branch of the dungeon, and saw 3 of its levels.

You collected 80 gold pieces.

Inventory:

Hand Weapons
 a - a +0 dagger (weapon)
Armour
 b - a +0 hat (worn)
Jewellery
 d - an amulet of the acrobat
Scrolls
 c - a scroll of immolation {unknown}
 f - a scroll of blinking {unknown}
 g - 3 scrolls of magic mapping {unknown}
 i - a scroll of holy word {unknown}
Potions
 h - 3 potions of might
 j - 2 potions of curing {unknown}
 k - a potion of heal wounds {unknown}
 l - a potion of degeneration {unknown}


   Skills:
 + Level 0.1 Fighting
 + Level 0.5 Short Blades
 + Level 2.2 Dodging
 + Level 2.1 Stealth
 + Level 4.0 Spellcasting
 + Level 2.0 Conjurations
 + Level 1.0 Summonings
 + Level 1.0 Translocations


You had 10 spell levels left.
You knew the following spells:

 Your Spells              Type           Power      Damage    Failure   Level
a - Magic Dart            Conj           36%        1d4       8%          1

Your spell library contained the following spells:

 Spells                   Type           Power      Damage    Failure   Level
 Searing Ray              Conj           18%        2d5       11%         2
 Slow                     Hex            12%        N/A       17%         1
 Blink                    Tloc           12%        N/A       17%         2
 Call Imp                 Summ           6%         N/A       17%         2
 Conjure Flame            Conj/Fire      6%         6-21      32%         3
 Mephitic Cloud           Conj/Pois/Air  5%         N/A       36%         3
 Fulminant Prism          Conj/Hex       3%         3d6       73%         4


Dungeon Overview and Level Annotations

Branches:
Dungeon (3/15)

Altars:

Annotations:
D:3 Terence


Innate Abilities, Weirdness & Mutations

Your plain brown scales are hard. (AC +5)
You cannot fit into any form of body armour.
You are cold-blooded and may be slowed by cold attacks.
Potions are less effective at restoring your health.
You sometimes lose the ability to read scrolls when taking damage.


Message History

Magic restored.
You start resting.
HP restored.
You open the door.
Terence the Incautious comes into view.
He is wielding a +0 flail.
Terence hits you with a +0 flail!
There is an open door, spattered with blood here.
Aiming: Magic Dart (safe; 8% risk of failure)
Press: ? - help, Q - select action Shift-Dir - straight line, f - Terence
Aim: Terence, wielding a +0 flail and wearing a +0 chain mail (100% to hit)
You miscast Magic Dart.
You are very lightly contaminated with residual magic.
Nothing appears to happen.
Terence barely misses you.
Aiming: Magic Dart (safe; 8% risk of failure)
Press: ? - help, Q - select action Shift-Dir - straight line, f/p - Terence
Aim: Terence, wielding a +0 flail and wearing a +0 chain mail (100% to hit)
The magic dart hits Terence.
Terence is lightly wounded.
Terence hits you with a +0 flail!
It was a potion of mutation.
You feel extremely strange.
Your system partially rejects the healing effects of potions.
You lose the ability to read scrolls when threatened.
Terence hits you with a +0 flail!
You feel threatened and lose the ability to read scrolls!
* * * LOW HITPOINT WARNING * * *
It was a potion of might.
You feel very mighty all of a sudden. Terence hits you but does no damage.
You hit Terence but do no damage. You tail-slap Terence!
Terence is heavily wounded.
Terence hits you with a +0 flail.
* * * LOW HITPOINT WARNING * * *
You hit Terence.
Terence is severely wounded.
Terence closely misses you.
You hit Terence.
Your tail-slap misses Terence.
Terence is almost dead.
Terence hits you with a +0 flail!
You die...

#.. #.# #.# #.# #. #.#
. ########.# .## #.#..
...#@#...
#.#.####.#@#.#
#.#.##.#.....#
#####.#)#..#.....####
........#..#.).......
........#..#..........
........#..#..........
.......<...#..........
.####.#.##.#.......)..
..........).....(..


You could see Terence.

Vanquished Creatures
  2 gnolls (D:2)
  2 dart slugs (D:1)
  2 orcs (D:3)
  6 ball pythons (D:1)
  3 bats (D:1)
  4 endoplasms
  A giant cockroach (D:1)
  3 goblins
  7 hobgoblins
  5 jackals (D:1)
  2 quokkas (D:2)
  2 frilled lizards
  8 kobolds
  7 rats
54 creatures vanquished.

Vanquished Creatures (others)
  4 toadstools (D:1)
4 creatures vanquished.

Grand Total: 58 creatures vanquished

Notes
Turn   | Place    | Note
-------+----------+-------------------------------------------
     0 | D:1      | Tiocfaidh the Draconian Hedge Wizard began the quest for
                  | the Orb.
     0 | D:1      | Reached XP level 1. HP: 14/14 MP: 4/4
   216 | D:1      | Reached XP level 2. HP: 15/20 MP: 1/6
   646 | D:1      | Reached XP level 3. HP: 26/26 MP: 0/8
  2039 | D:2      | Reached skill level 4 in Spellcasting
  2039 | D:2      | Reached XP level 4. HP: 20/33 MP: 0/10
  2529 | D:3      | Noticed Terence
  2533 | D:3      | Gained mutation: Potions are less effective at restoring
                  | your health. [potion of mutation]
  2533 | D:3      | Gained mutation: You sometimes lose the ability to read
                  | scrolls when taking damage. [potion of mutation]
  2537 | D:3      | Mangled by Terence

Illustrated notes

Levels and vault maps discovered:
D:1:      ldierk_walled_garden_2, layout_loops_ring, minmay_tetromino_t2
D:2:      layout_basic, serial_park_tiny_2
D:3:      layout_basic, minivault_4, uniq_terence

Skill      XL: |  1  2  3  4 |
---------------+-------------+-----
Stealth        | 2 |  2.1
Dodging        | 2 |  2.2
Spellcasting   | 4 |  4.0
Conjurations   | 2 |  2.0
Fighting       | |  0.1
Short Blades   | |  0.5
Summonings     | |  1.0
Translocations | |  1.0

Action                   |  1- 3 |  4- 6 || total
-------------------------+-------+-------++-------
Melee: Dagger            |    76 |    25 ||   101
       Tailslap          |     5 |     7 ||    12
 Cast: Magic Dart        |   128 |    19 ||   147
  Use: Potion            |       |     2 ||     2
Armor: Skin              |    25 |    10 ||    35
Dodge: Dodged            |    69 |    16 ||    85
